 Dungeon Crawl Stone Soup version 0.17-a0-1479-g4041c36 (webtiles) character file.

63 Cryogen the Cudgeler (level 4, -6/48 HPs)
             Began as an Ogre Berserker on July 3, 2015.
             Was a Believer of Trog.
             Mangled by Crazy Yiuf
             ... wielding a +4 quarterstaff of chaos
              (11 damage)
             ... on level 2 of the Dungeon.
             The game lasted 00:07:59 (1511 turns).

Cryogen the Cudgeler (Ogre Berserker)               Turns: 1511, Time: 00:07:59

Health: -6/48      AC:  4    Str: 27    XL:     4   Next: 9%
Magic:  4/4        EV: 10    Int:  6    God:    Trog [**....]
Gold:   42         SH:  0    Dex: 10    Spells: 0 memorised, 3 levels left

rFire  . . .     SeeInvis .     a - +0 mace
rCold  . . .     Clarity  .     b - +0 animal skin
rNeg   . . .     SustAt   .     (no shield)
rPois  .         Gourm    .     (helmet restricted)
rElec  .         Spirit   .     q - +0 cloak
rCorr  .         Warding  .     (gloves unavailable)
rMut   .         Stasis   .     (boots unavailable)
MR     .....                    (no amulet)
Stlth  +.........               (no ring)
                                (no ring)

@: mighty, exhausted, slowed, very slow, not resistant to hostile enchantments,
very unstealthy
A: unfitting armour, tough skin 1
a: Burn Spellbooks, Berserk, Trog's Hand, Renounce Religion


You were on level 2 of the Dungeon.
You worshipped Trog.
Trog was pleased with you.
You were very hungry.

You visited 1 branch of the dungeon, and saw 2 of its levels.

You collected 42 gold pieces.

Inventory:

Hand weapons
 a - a +0 mace (weapon)
Armour
 b - a +0 animal skin (worn)
 q - a +0 cloak (worn)
Scrolls
 d - 2 scrolls of magic mapping {unknown}
 g - 3 scrolls of remove curse {unknown}
 i - 6 scrolls of identify {unknown}
 j - a scroll of enchant armour {unknown}
 k - a scroll of immolation {unknown}
 m - a scroll of enchant weapon {unknown}
 o - a scroll of fog {unknown}
 p - 2 scrolls of teleportation {unknown}
 r - a scroll of random uselessness {unknown}
Potions
 e - a potion of might
 h - a potion of brilliance {unknown}
 l - a potion of heal wounds {unknown}
 n - a potion of curing {unknown}
Comestibles
 c - a bread ration
 f - a slice of pizza


   Skills:
 - Level 4.0 Fighting
 + Level 6.4 Maces & Flails
 - Level 2.6 Dodging


You had 3 spell levels left.
You didn't know any spells.

Dungeon Overview and Level Annotations

Branches:
Dungeon (2/15)

Altars:
Okawaru

Annotations:
D:2 Crazy Yiuf


Innate Abilities, Weirdness & Mutations

You are too large for most types of armour.
You have tough skin (AC +1).


Message History

Your +0 animal skin unmelds from your body.
Crazy Yiuf whimpers, "Prologue pizzabubble dark!"
You hit Crazy Yiuf.
Crazy Yiuf is moderately wounded.
Crazy Yiuf hits you with a quarterstaff of chaos.
Space warps horribly around you!
You barely miss Crazy Yiuf.
Crazy Yiuf is moderately wounded.
Crazy Yiuf closely misses you.
Crazy Yiuf hits you with a quarterstaff of chaos!
You are electrocuted!
* * * LOW HITPOINT WARNING * * *
You barely miss Crazy Yiuf.
Crazy Yiuf is moderately wounded.
Crazy Yiuf hits you with a quarterstaff of chaos.
* * * LOW HITPOINT WARNING * * *
x2 It was a potion of might.
You feel very mighty all of a sudden.
Crazy Yiuf hits you with a quarterstaff of chaos!
You die...

......##.# ##..............
.......#.# #.# #....#####.#..#
.......#.###.### ##..............
.......#....... ................
.......#.###.######..#.####..#...
#...............................
##..###..............# ###..#.##
.....................######......
.........#.....g@...†............
....###..###).##.##............##
...## #### ########..######.#####
...# #..######.# # ...##♣♣♣♣♣
#.......#.##### ..g#...♣.♣♣♣#####
#....>..#...(.# †.....♣.♣..♣#...#
#.......#.....# .......♣♣♣♣g....#
#.............. ...#..♣♣ ♣♣#..)#
#..............


You could see Crazy Yiuf.

Vanquished Creatures
  Natasha (D:2)
  A worm (D:2)
  2 giant geckos
  7 bats
  3 giant cockroaches
  3 goblins
  5 hobgoblins
  A quokka (D:2)
  A ball python (D:1)
  2 giant newts (D:1)
  3 kobolds
  6 rats
35 creatures vanquished.

Notes
Turn   | Place    | Note
--------------------------------------------------------------
     0 | D:1      | Cryogen the Ogre Berserker began the quest for the Orb.
     0 | D:1      | Reached XP level 1. HP: 24/24 MP: 1/1
   310 | D:1      | Reached XP level 2. HP: 13/32 MP: 2/2
   620 | D:1      | Reached skill level 5 in Maces & Flails
   923 | D:2      | Noticed Natasha
   931 | D:2      | Killed Natasha
   931 | D:2      | Acquired Trog's second power
   931 | D:2      | Reached skill level 6 in Maces & Flails
   931 | D:2      | Reached XP level 3. HP: 19/39 MP: 3/3
  1020 | D:2      | Found an iron altar of Okawaru.
  1263 | D:2      | Reached XP level 4. HP: 45/48 MP: 4/4
  1422 | D:2      | Noticed Crazy Yiuf
  1511 | D:2      | Mangled by Crazy Yiuf

Vault maps used:
D:1:      ncdulo_lavacross
D:2:      okawaru_ov_weapons_minmay, uniq_natasha, uniq_crazy_yiuf_cottage

Action                   |  1- 3 |  4- 6 || total
-------------------------+-------+-------++-------
Melee: Mace              |   103 |    24 ||   127
  Use: Potion            |       |     1 ||     1
 Stab: Sleeping          |     1 |       ||     1
  Eat: Fruit             |     2 |       ||     2
